Canucks vs Bruins (R1)

Created - 17 février 2016 at 23:17

Goals
1 2 3 T
Canucks 3 1 1 5
Bruins 1 0 3 4
Shots
1 2 3 T
Canucks 10 3 11 24
Bruins 15 7 10 32

1st period

1. Bruins , Viktor Stalberg 7 (Dave Bolland, Andrew Alberts) at 17:20
2. Canucks , Sami Lepisto 3 (Tomas Plekanec, Alex Goligoski) at 18:45
3. Canucks , Maxim Afinogenov 19 (Alex Goligoski, Matt Stajan) at 19:28
4. Canucks , Tomas Plekanec 16 (Alex Goligoski, Jaromir Jagr) at 19:34

Penalties :
Viktor Stalberg (Bos) for Holding (Minor) at 0:36, Jaromir Jagr (Van) for Interference (Minor) at 5:52, Dave Bolland (Bos) for Hooking (Minor) at 15:11

2nd period

5. Canucks , Alex Tanguay 12 (Maxim Lapierre, Kyle Cumiskey) at 9:17

Penalties :
Eric Lindros (Bos) for Tripping (Minor) at 10:18

3rd period

6. Bruins , Viktor Stalberg 8 (Mark Stuart) at 10:05
7. Bruins , Henrik Sedin 26 (Wojtek Wolski) at 14:26
8. Canucks , Jaromir Jagr 25 (Clarke MacArthur, Alex Goligoski) at 16:13 (SH)
9. Bruins , Matt Cooke 14 (Nate Prosser, Eric Lindros) at 17:40

Penalties :
Jason Demers (Bos) for Tripping (Minor) at 0:53, Dainius Zubrus (Bos) for Tripping (Minor) at 7:27, Nikolai Zherdev (Van) for Hooking (Minor) at 10:58, Ben Lovejoy (Van) for Tripping (Minor) at 15:11, Alex Tanguay (Van) for Roughing (Minor) at 18:29, Dainius Zubrus (Bos) for Roughing (Minor) at 18:56

Goalie Stats

Carey Price (Van), 28 saves from 32 shots - (0,875), W, 22-16-1, 60:00 minutes
Karri Ramo (Bos), 10 saves from 11 shots - (0,909), L, 4-9-0, 30:18 minutes
Roberto Luongo (Bos), 9 saves from 13 shots - (0,692), 29:17 minutes

Players Stats for Canucks

Player Name              G  A  P  +/- PIM S  H  SB GA TA FO     MP     PP MP  PK MP  
------------------------------------------------------------------------------------
Alex Goligoski           0  4  4   4  0   5  1  2  2  0  0/0    28:55   6:07   4:28 
Alex Tanguay             1  0  1  -1  2   3  2  0  0  0  1/1    12:29   0:04   0:42 
Ben Lovejoy              0  0  0  -2  2   1  1  1  1  0  0/0    23:56   4:21   1:43 
Brad Richardson          0  0  0  -1  0   0  0  0  0  0  0/1     4:23   0:04   0:00 
Clarke MacArthur         0  1  1   2  0   2  4  0  0  0  0/1    20:47   5:19   1:51 
Daniel Paille            0  0  0   0  0   0  2  0  0  0  0/0     5:45   0:00   0:00 
Jaromir Jagr             1  1  2   2  2   2  2  1  2  0  2/2    18:39   4:32   1:01 
Kyle Cumiskey            0  1  1  -2  0   0  0  5  1  0  0/0    17:26   0:43   2:49 
Matt Stajan              0  1  1   0  0   1  0  0  1  0  13/34  25:45   5:19   3:40 
Matthew Spiller          0  0  0  -1  0   1  0  1  0  1  0/0    20:40   3:24   2:36 
Maxim Afinogenov         1  0  1   0  0   3  2  1  0  2  1/1    22:52   5:19   3:51 
Maxim Lapierre           0  1  1   0  0   0  2  0  0  0  4/8    12:36   0:00   1:27 
Nikolai Zherdev          0  0  0  -1  2   0  2  0  1  0  0/0    11:34   0:04   0:00 
Ryane Clowe              0  0  0   1  0   0  2  0  0  0  0/0    16:49   4:32   0:00 
Sami Lepisto             1  0  1   2  0   2  2  1  0  2  0/0    23:06   4:05   0:00 
Tom Poti                 0  0  0   0  0   0  0  1  0  0  0/0     4:06   1:10   1:12 
Tomas Plekanec           1  1  2   1  0   4  1  0  1  0  8/11   17:15   4:32   0:16 
Vitali Yachmenev         0  0  0   0  0   0  1  0  0  0  0/0     5:25   0:00   0:00 

Players Stats for Bruins

Player Name              G  A  P  +/- PIM S  H  SB GA TA FO     MP     PP MP  PK MP  
------------------------------------------------------------------------------------
Andrew Alberts           0  1  1   0  0   1  0  2  0  2  0/0    30:12   3:58   5:10 
Curtis Glencross         0  0  0  -1  0   0  0  1  0  0  0/0     6:36   0:00   1:32 
Dainius Zubrus           0  0  0  -1  4   1  2  0  0  0  0/0    18:26   3:06   0:00 
Dave Bolland             0  1  1   2  2   2  1  0  1  0  2/9    12:27   0:04   0:34 
David Moss               0  0  0   2  0   2  1  0  0  0  0/0    11:12   0:04   0:00 
Eric Lindros             0  1  1  -1  2   4  1  1  1  0  5/9    20:06   3:07   2:19 
Henrik Sedin             1  0  1  -2  0   6  2  0  0  1  16/29  23:55   3:03   5:09 
Jarome Iginla            0  0  0  -1  0   4  3  0  0  0  0/0    18:08   3:13   3:02 
Jason Demers             0  0  0   0  2   2  1  3  0  1  0/0    26:45   3:58   4:24 
Justin Falk              0  0  0   0  0   0  0  0  0  0  0/0     2:51   0:00   0:10 
Mark Stuart              0  1  1  -3  0   1  1  0  1  1  0/0    19:56   2:26   4:45 
Matt Cooke               1  0  1  -1  0   2  2  0  0  0  1/1    17:40   3:07   0:00 
Matt Hendricks           0  0  0  -1  0   2  0  0  0  1  2/6     7:44   0:00   2:00 
Nate Prosser             0  1  1   2  0   0  1  1  1  0  0/0    10:28   0:00   0:36 
Ryan O'Byrne             0  0  0  -3  0   0  0  2  0  1  0/0    19:56   2:26   4:45 
Viktor Stalberg          2  0  2   2  2   3  1  1  0  0  1/2    11:54   0:14   0:00 
Wojtek Wolski            0  1  1  -1  0   1  0  0  1  1  3/3    20:48   3:13   5:14 
Zdeno Chara              0  0  0   2  0   1  0  0  0  1  0/0     9:52   0:00   0:00 

3 Stars

1 - Alex Goligoski (Van)
2 - Viktor Stalberg (Bos)
3 - Jaromir Jagr (Van)

Power Play

Canucks - 0 on 6 Attempt(s) - 0,00%
Bruins - 0 on 5 Attempt(s) - 0,00%

Penalty Kill

Canucks - 5 on 5 Attempt(s) - 100,00% - Score 1 goal in Penalty Kill
Bruins - 6 on 6 Attempt(s) - 100,00% - Score 0 goal in Penalty Kill

Team Stat

Canucks - Hits : 24 - Faceoff Wins : 29 - Blocked Shots : 13 - Penalty Minutes : 8
Bruins - Hits : 16 - Faceoff Wins : 30 - Blocked Shots : 11 - Penalty Minutes : 12

Official

Referees : Walsh Ian and Peel Tim
Linesman : Steve Barton and Mike Cvik

Game Notes

Tom Poti is injured at 8:08 of 1st period (Broken Bone (Left Arm))
3:56 of 2nd period - Penalty Shot by Clarke MacArthur for Canucks - Stopped by Roberto Luongo
Karri Ramo enters game at 9:17 of 2nd period
Matthew Spiller is injured at 18:20 of 3rd period (Lower Body)

Finance

Level 1 -- Attendance: 4321 (72,02%) -- Ticket Income 427 779 $
Level 2 -- Attendance: 3756 (75,12%) -- Ticket Income 221 604 $
Level 3 -- Attendance: 2000 (100,00%) -- Ticket Income 58 000 $
Level 4 -- Attendance: 4000 (100,00%) -- Ticket Income 76 000 $
Luxury Box -- Attendance: 680 (68,00%) -- Ticket Income 128 520 $
Game was played at the TD Banknorth Garden.
Total Attendance: 14757 (81,98%)
Total Ticket Income: 911 903 $
Other Income: 136 785 $
Total Income: 1 048 688 $

Canucks

5 vs 5 Forward 
   Center                   Left Wing                Right Wing               Time % Phy DF OF 
 1 Matt Stajan              Clarke MacArthur         Maxim Afinogenov         40     1   2  2  
 2 Tomas Plekanec           Ryane Clowe              Jaromir Jagr             30     1   2  2  
 3 Maxim Lapierre           Alex Tanguay             Nikolai Zherdev          20     1   2  2  
 4 Matt Stajan              Daniel Paille            Vitali Yachmenev         10     1   2  2  

5 vs 5 Defense 
   Defense                  Defense                                           Time % Phy DF OF 
 1 Alex Goligoski           Tom Poti                                          40     1   2  2  
 2 Ben Lovejoy              Matthew Spiller                                   30     1   2  2  
 3 Sami Lepisto             Kyle Cumiskey                                     20     1   2  2  
 4 Alex Goligoski           Tom Poti                                          10     1   2  2  

PowerPlay Forward 
   Center                   Left Wing                Right Wing               Time % Phy DF OF 
 1 Matt Stajan              Clarke MacArthur         Maxim Afinogenov         60     1   2  2  
 2 Tomas Plekanec           Ryane Clowe              Jaromir Jagr             40     1   2  2  

PowerPlay Defense
   Defense                  Defense                                           Time % Phy DF OF 
 1 Alex Goligoski           Tom Poti                                          60     1   2  2  
 2 Ben Lovejoy              Matthew Spiller                                   40     1   2  2  

Penalty Kill 4 Players Forward 
   Center                   Wing                     Time % Phy DF OF 
 1 Matt Stajan              Maxim Afinogenov         60     1   2  2  
 2 Jaromir Jagr             Clarke MacArthur         40     1   2  2  

Penalty Kill 4 Players Defense
   Defense                  Defense                  Time % Phy DF OF 
 1 Alex Goligoski           Tom Poti                 60     1   2  2  
 2 Ben Lovejoy              Matthew Spiller          40     1   2  2  

Penalty Kill - 3 Players Forward 
   Forward                                           Time % Phy DF OF 
 1 Matt Stajan                                       60     1   2  2  
 2 Maxim Afinogenov                                  40     1   2  2  

Penalty Kill - 3 Players Defense
   Defense                  Defense                  Time % Phy DF OF 
 1 Alex Goligoski           Tom Poti                 60     1   2  2  
 2 Ben Lovejoy              Matthew Spiller          40     1   2  2  

4 vs 4 Forward 
   Center                   Wing                     Time % Phy DF OF 
 1 Matt Stajan              Maxim Afinogenov         60     1   2  2  
 2 Jaromir Jagr             Clarke MacArthur         40     1   2  2  

4 vs 4 Defense
   Defense                  Defense                  Time % Phy DF OF 
 1 Alex Goligoski           Tom Poti                 60     1   2  2  
 2 Ben Lovejoy              Matthew Spiller          40     1   2  2  

Last Minutes Offensive
   Center                   Left Wing                Right Wing               Defense                  Defense                  
   Matt Stajan              Clarke MacArthur         Maxim Afinogenov         Alex Goligoski           Tom Poti                 

Last Minutes Defensive
   Center                   Left Wing                Right Wing               Defense                  Defense                  
   Matt Stajan              Clarke MacArthur         Maxim Afinogenov         Alex Goligoski           Tom Poti                 

Goaltenders
Starting : Carey Price              
Backup : Chad Johnson             

Extra Forwards
Normal : Brad Richardson, Alex Tanguay, Maxim Lapierre - PP : Brad Richardson, Alex Tanguay - PK : Maxim Lapierre
Extra Defensemen
Normal : Sami Lepisto, Kyle Cumiskey, Ben Lovejoy - PP : Sami Lepisto - PK : Kyle Cumiskey, Ben Lovejoy
Penalty Shots
Matt Stajan, Maxim Afinogenov, Jaromir Jagr, Clarke MacArthur, Ryane Clowe

Bruins

5 vs 5 Forward 
   Center                   Left Wing                Right Wing               Time % Phy DF OF 
 1 Henrik Sedin             Wojtek Wolski            Jarome Iginla            40     1   2  2  
 2 Eric Lindros             Matt Cooke               Dainius Zubrus           30     1   2  2  
 3 Dave Bolland             Viktor Stalberg          David Moss               20     1   2  2  
 4 Matt Hendricks           Curtis Glencross         Henrik Sedin             10     1   2  2  

5 vs 5 Defense 
   Defense                  Defense                                           Time % Phy DF OF 
 1 Andrew Alberts           Jason Demers                                      40     1   2  2  
 2 Ryan O'Byrne             Mark Stuart                                       30     1   2  2  
 3 Zdeno Chara              Nate Prosser                                      20     1   2  2  
 4 Justin Falk              Andrew Alberts                                    10     1   2  2  

PowerPlay Forward 
   Center                   Left Wing                Right Wing               Time % Phy DF OF 
 1 Henrik Sedin             Wojtek Wolski            Jarome Iginla            60     1   2  2  
 2 Eric Lindros             Matt Cooke               Dainius Zubrus           40     1   2  2  

PowerPlay Defense
   Defense                  Defense                                           Time % Phy DF OF 
 1 Andrew Alberts           Jason Demers                                      60     1   2  2  
 2 Ryan O'Byrne             Mark Stuart                                       40     1   2  2  

Penalty Kill 4 Players Forward 
   Center                   Wing                     Time % Phy DF OF 
 1 Henrik Sedin             Wojtek Wolski            60     1   2  2  
 2 Jarome Iginla            Eric Lindros             40     1   2  2  

Penalty Kill 4 Players Defense
   Defense                  Defense                  Time % Phy DF OF 
 1 Andrew Alberts           Jason Demers             60     1   2  2  
 2 Ryan O'Byrne             Mark Stuart              40     1   2  2  

Penalty Kill - 3 Players Forward 
   Forward                                           Time % Phy DF OF 
 1 Henrik Sedin                                      60     1   2  2  
 2 Wojtek Wolski                                     40     1   2  2  

Penalty Kill - 3 Players Defense
   Defense                  Defense                  Time % Phy DF OF 
 1 Andrew Alberts           Jason Demers             60     1   2  2  
 2 Ryan O'Byrne             Mark Stuart              40     1   2  2  

4 vs 4 Forward 
   Center                   Wing                     Time % Phy DF OF 
 1 Henrik Sedin             Wojtek Wolski            60     1   2  2  
 2 Jarome Iginla            Eric Lindros             40     1   2  2  

4 vs 4 Defense
   Defense                  Defense                  Time % Phy DF OF 
 1 Andrew Alberts           Jason Demers             60     1   2  2  
 2 Ryan O'Byrne             Mark Stuart              40     1   2  2  

Last Minutes Offensive
   Center                   Left Wing                Right Wing               Defense                  Defense                  
   Henrik Sedin             Wojtek Wolski            Jarome Iginla            Andrew Alberts           Jason Demers             

Last Minutes Defensive
   Center                   Left Wing                Right Wing               Defense                  Defense                  
   Henrik Sedin             Wojtek Wolski            Jarome Iginla            Andrew Alberts           Jason Demers             

Goaltenders
Starting : Roberto Luongo           
Backup : Karri Ramo               

Extra Forwards
Normal : Viktor Stalberg, Dave Bolland, Matt Hendricks - PP : Viktor Stalberg, Dave Bolland - PK : Matt Hendricks
Extra Defensemen
Normal : Zdeno Chara, Nate Prosser, Justin Falk - PP : Zdeno Chara - PK : Nate Prosser, Justin Falk
Penalty Shots
Henrik Sedin, Wojtek Wolski, Jarome Iginla, Eric Lindros, Matt Cooke

% Time on Ice - Canucks

Lines # - Real PCT - Wanted PCT - Time Play
Normal Forward
1 - 34% - 40% - 14:21
2 - 30% - 30% - 12:50
3 - 24% - 20% - 10:02
4 - 13% - 10% - 5:25
Normal Defense
1 - 44% - 40% - 18:33
2 - 30% - 30% - 12:36
3 - 19% - 20% - 8:05
4 - 8% - 10% - 3:24
PP Forward
1 - 54% - 60% - 5:23
2 - 46% - 40% - 4:32
PP Defense
1 - 67% - 60% - 6:41
2 - 33% - 40% - 3:14
PK Forward
1 - 71% - 60% - 4:33
2 - 29% - 40% - 1:51
PK Defense
1 - 62% - 60% - 3:58
2 - 38% - 40% - 2:26
PK3 Forward
1 - 0% - 60%
2 - 0% - 40%
PK3 Defense
1 - 0% - 60%
2 - 0% - 40%
44 Forward
1 - 100% - 60% - 1:03
2 - 0% - 40% - 0:00
44 Defense
1 - 78% - 60% - 0:49
2 - 22% - 40% - 0:14
Last Minute Offensive  - 0:00
Last Minute Defensive  - 0:00
Total
Forward - 60:00
Defense - 60:00

% Time on Ice - Bruins

Lines # - Real PCT - Wanted PCT - Time Play
Normal Forward
1 - 28% - 40% - 12:08
2 - 34% - 30% - 14:41
3 - 25% - 20% - 10:48
4 - 12% - 10% - 5:01
Normal Defense
1 - 41% - 40% - 17:20
2 - 30% - 30% - 12:45
3 - 23% - 20% - 9:52
4 - 6% - 10% - 2:41
PP Forward
1 - 51% - 60% - 3:17
2 - 49% - 40% - 3:07
PP Defense
1 - 62% - 60% - 3:58
2 - 38% - 40% - 2:26
PK Forward
1 - 69% - 60% - 6:53
2 - 31% - 40% - 3:02
PK Defense
1 - 52% - 60% - 5:10
2 - 48% - 40% - 4:45
PK3 Forward
1 - 0% - 60%
2 - 0% - 40%
PK3 Defense
1 - 0% - 60%
2 - 0% - 40%
44 Forward
1 - 100% - 60% - 1:03
2 - 0% - 40% - 0:00
44 Defense
1 - 100% - 60% - 1:03
2 - 0% - 40% - 0:00
Last Minute Offensive  - 0:00
Last Minute Defensive  - 0:00
Total
Forward - 60:00
Defense - 60:00

Play by Play

1st period


0:01 of 1st period - Henrik Sedin wins face-off versus Matt Stajan in neutral zone.
0:32 of 1st period - Slapshot by Alex Goligoski.
0:32 of 1st period - Stopped by Roberto Luongo without a rebound.
0:33 of 1st period - Dave Bolland wins face-off versus Maxim Lapierre in Bruins zone.
0:33 of 1st period - Dave Bolland is hit by Maxim Lapierre.
0:36 of 1st period - Minor Penalty to Viktor Stalberg for Holding.
0:37 of 1st period - Henrik Sedin wins face-off versus Matt Stajan in Bruins zone.
1:11 of 1st period - Andrew Alberts is hit by Jaromir Jagr and loses puck.
2:02 of 1st period - Maxim Afinogenov is hit by Jarome Iginla and loses puck.
2:36 of 1st period - Penalty to Viktor Stalberg is over, Viktor Stalberg is back on ice.
3:14 of 1st period - Matt Cooke is hit by Vitali Yachmenev and loses puck.
4:08 of 1st period - Slapshot by Jarome Iginla.
4:08 of 1st period - Deflect By Henrik Sedin.
4:08 of 1st period - Stopped by Carey Price with a rebound.
4:10 of 1st period - Slapshot by Andrew Alberts.
4:10 of 1st period - Shot Blocked by Alex Goligoski.
4:45 of 1st period - Wrist shot by Henrik Sedin.
4:45 of 1st period - Stopped by Carey Price with a rebound.
4:53 of 1st period - Jason Demers is hit by Maxim Lapierre and loses puck.
5:08 of 1st period - Wrist shot by Maxim Afinogenov.
5:08 of 1st period - Shot Blocked by Jason Demers.
5:32 of 1st period - Ryan O'Byrne is hit by Daniel Paille and loses puck.
5:52 of 1st period - Minor Penalty to Jaromir Jagr for Interference.
5:53 of 1st period - Henrik Sedin wins face-off versus Matt Stajan in Canucks zone.
5:56 of 1st period - Snap shot by Henrik Sedin.
5:56 of 1st period - Stopped by Carey Price with a rebound.
6:55 of 1st period - Alex Goligoski is hit by Jason Demers.
7:52 of 1st period - Penalty to Jaromir Jagr is over, Jaromir Jagr is back on ice.
8:02 of 1st period - Slapshot by Viktor Stalberg.
8:02 of 1st period - Shot Misses the Net.
8:06 of 1st period - Snap shot by Dave Bolland.
8:06 of 1st period - Stopped by Carey Price with a rebound.
8:08 of 1st period - Wrist shot by Viktor Stalberg.
8:08 of 1st period - Shot Blocked by Tom Poti.
8:08 of 1st period - Tom Poti from Canucks is injured at 8:08 of 1st period (Broken Bone (Left Arm)).
8:09 of 1st period - Matt Stajan wins face-off versus Henrik Sedin in Canucks zone.
8:22 of 1st period - Wrist shot by Clarke MacArthur.
8:22 of 1st period - Shot Misses the Net.
8:36 of 1st period - Dainius Zubrus is hit by Jaromir Jagr and loses puck.
9:05 of 1st period - Wrist shot by Dave Bolland.
9:05 of 1st period - Shot Misses the Net.
9:07 of 1st period - Wrist shot by Mark Stuart.
9:07 of 1st period - Stopped by Carey Price without a rebound.
9:08 of 1st period - Wojtek Wolski wins face-off versus Matt Stajan in Canucks zone.
9:11 of 1st period - Backhand shot by Jarome Iginla.
9:11 of 1st period - Shot Misses the Net.
9:13 of 1st period - Slapshot by Jason Demers.
9:13 of 1st period - Stopped by Carey Price with a rebound.
9:15 of 1st period - Slapshot by Andrew Alberts.
9:15 of 1st period - Stopped by Carey Price without a rebound.
9:16 of 1st period - Maxim Afinogenov wins face-off versus Henrik Sedin in Canucks zone.
9:21 of 1st period - Snap shot by Jarome Iginla.
9:21 of 1st period - Shot Misses the Net.
9:23 of 1st period - Slapshot by Andrew Alberts.
9:23 of 1st period - Deflect By Jarome Iginla.
9:23 of 1st period - Stopped by Carey Price with a rebound.
9:35 of 1st period - Matt Stajan is hit by Jarome Iginla and loses puck.
9:42 of 1st period - Wrist shot by Henrik Sedin.
9:42 of 1st period - Shot Blocked by Maxim Afinogenov.
9:48 of 1st period - Snap shot by Jarome Iginla.
9:48 of 1st period - Stopped by Carey Price with a rebound.
9:50 of 1st period - Slapshot by Andrew Alberts.
9:50 of 1st period - Shot Misses the Net.
9:54 of 1st period - Wrist shot by Jarome Iginla.
9:54 of 1st period - Shot Misses the Net.
9:56 of 1st period - Snap shot by Jarome Iginla.
9:56 of 1st period - Stopped by Carey Price without a rebound.
9:57 of 1st period - Tomas Plekanec wins face-off versus Eric Lindros in Canucks zone.
10:22 of 1st period - Nikolai Zherdev is hit by Mark Stuart and loses puck.
10:43 of 1st period - Slapshot by Matt Hendricks.
10:43 of 1st period - Shot Misses the Net.
10:45 of 1st period - Wrist shot by Henrik Sedin.
10:45 of 1st period - Stopped by Carey Price without a rebound.
10:46 of 1st period - Tomas Plekanec wins face-off versus Matt Hendricks in Canucks zone.
10:53 of 1st period - Slapshot by Jaromir Jagr.
10:53 of 1st period - Shot Blocked by Andrew Alberts.
10:55 of 1st period - Slapshot by Matthew Spiller.
10:55 of 1st period - Deflect By Tomas Plekanec.
10:55 of 1st period - Shot Misses the Net.
10:55 of 1st period - Puck is out of play.
10:56 of 1st period - Jaromir Jagr wins face-off versus Eric Lindros in Bruins zone.
10:59 of 1st period - Wrist shot by Jaromir Jagr.
10:59 of 1st period - Stopped by Roberto Luongo with a rebound.
11:04 of 1st period - Icing by Eric Lindros.
11:05 of 1st period - Eric Lindros wins face-off versus Matt Stajan in Bruins zone.
11:58 of 1st period - Snap shot by Alex Tanguay.
11:58 of 1st period - Stopped by Roberto Luongo without a rebound.
11:59 of 1st period - Matt Stajan wins face-off versus Henrik Sedin in Bruins zone.
12:24 of 1st period - Clarke MacArthur is hit by David Moss and loses puck.
12:53 of 1st period - Wrist shot by Maxim Afinogenov.
12:53 of 1st period - Shot Blocked by Curtis Glencross.
12:55 of 1st period - Wrist shot by Clarke MacArthur.
12:55 of 1st period - Shot Misses the Net.
14:15 of 1st period - Eric Lindros is hit by Daniel Paille and loses puck.
15:11 of 1st period - Minor Penalty to Dave Bolland for Hooking.
15:12 of 1st period - Wojtek Wolski wins face-off versus Matt Stajan in Bruins zone.
15:33 of 1st period - Maxim Afinogenov is hit by Henrik Sedin and loses puck.
16:09 of 1st period - Icing by Ben Lovejoy.
16:10 of 1st period - Matt Hendricks wins face-off versus Tomas Plekanec in Canucks zone.
16:17 of 1st period - Snap shot by Curtis Glencross.
16:17 of 1st period - Shot Blocked by Jaromir Jagr.
17:11 of 1st period - Penalty to Dave Bolland is over, Dave Bolland is back on ice.
17:20 of 1st period - Snap shot by Viktor Stalberg.
17:20 of 1st period - Goal by Viktor Stalberg - Canucks : 0 - Bruins : 1.
17:21 of 1st period - Henrik Sedin wins face-off versus Clarke MacArthur in neutral zone.
17:54 of 1st period - Icing by Matt Cooke.
17:55 of 1st period - Eric Lindros wins face-off versus Matt Stajan in Bruins zone.
18:02 of 1st period - Wrist shot by Eric Lindros.
18:02 of 1st period - Stopped by Carey Price with a rebound.
18:04 of 1st period - Backhand shot by Jason Demers.
18:04 of 1st period - Stopped by Carey Price without a rebound.
18:05 of 1st period - Henrik Sedin wins face-off versus Matt Stajan in Canucks zone.
18:24 of 1st period - Maxim Afinogenov is hit by Henrik Sedin and loses puck.
18:37 of 1st period - Wrist shot by Clarke MacArthur.
18:37 of 1st period - Shot Misses the Net.
18:39 of 1st period - Snap shot by Tomas Plekanec.
18:39 of 1st period - Stopped by Roberto Luongo with a rebound.
18:41 of 1st period - Slapshot by Alex Goligoski.
18:41 of 1st period - Stopped by Roberto Luongo with a rebound.
18:43 of 1st period - Snap shot by Tomas Plekanec.
18:43 of 1st period - Stopped by Roberto Luongo with a rebound.
18:45 of 1st period - Slapshot by Sami Lepisto.
18:45 of 1st period - Deflect By Dainius Zubrus.
18:45 of 1st period - Goal by Sami Lepisto - Canucks : 1 - Bruins : 1.
18:46 of 1st period - Matt Stajan wins face-off versus Henrik Sedin in neutral zone.
18:53 of 1st period - Snap shot by Matt Stajan.
18:53 of 1st period - Shot Misses the Net.
19:20 of 1st period - Slapshot by Alex Goligoski.
19:20 of 1st period - Stopped by Roberto Luongo with a rebound.
19:28 of 1st period - Slapshot by Maxim Afinogenov.
19:28 of 1st period - Goal by Maxim Afinogenov - Canucks : 2 - Bruins : 1.
19:29 of 1st period - Jaromir Jagr wins face-off versus Henrik Sedin in neutral zone.
19:34 of 1st period - Snap shot by Tomas Plekanec.
19:34 of 1st period - Goal by Tomas Plekanec - Canucks : 3 - Bruins : 1.
19:35 of 1st period - Henrik Sedin wins face-off versus Matt Stajan in neutral zone.
19:40 of 1st period - Slapshot by Wojtek Wolski.
19:40 of 1st period - Stopped by Carey Price with a rebound.
Goals for this period are 3 for Canucks vs 1 for Bruins.
Shots for this period are 10 for Canucks vs 15 for Bruins.

2nd period


0:01 of 2nd period - Henrik Sedin wins face-off versus Tomas Plekanec in neutral zone.
0:08 of 2nd period - Wojtek Wolski is hit by Alex Goligoski and loses puck.
0:28 of 2nd period - Wrist shot by Clarke MacArthur.
0:28 of 2nd period - Stopped by Roberto Luongo without a rebound.
0:29 of 2nd period - Matt Stajan wins face-off versus Dave Bolland in Bruins zone.
0:40 of 2nd period - Snap shot by Matt Stajan.
0:40 of 2nd period - Deflect By Maxim Afinogenov.
0:40 of 2nd period - Stopped by Roberto Luongo without a rebound.
0:41 of 2nd period - Wojtek Wolski wins face-off versus Matt Stajan in Bruins zone.
0:55 of 2nd period - Slapshot by Andrew Alberts.
0:55 of 2nd period - Shot Misses the Net.
0:57 of 2nd period - Snap shot by Henrik Sedin.
0:57 of 2nd period - Shot Blocked by Kyle Cumiskey.
1:12 of 2nd period - Jaromir Jagr is hit by Eric Lindros and loses puck.
1:35 of 2nd period - Curtis Glencross is hit by Alex Tanguay and loses puck.
1:48 of 2nd period - Snap shot by Viktor Stalberg.
1:48 of 2nd period - Shot Misses the Net.
2:06 of 2nd period - Wrist shot by David Moss.
2:06 of 2nd period - Shot Misses the Net.
2:14 of 2nd period - Dainius Zubrus is hit by Ryane Clowe and loses puck.
2:30 of 2nd period - Clarke MacArthur is hit by Matt Cooke and loses puck.
3:56 of 2nd period - Penalty Shot by Clarke MacArthur for Canucks.
3:56 of 2nd period - Deke by Clarke MacArthur.
3:56 of 2nd period - Stopped by Roberto Luongo.
3:57 of 2nd period - Matt Cooke wins face-off versus Matt Stajan in Canucks zone.
4:08 of 2nd period - Snap shot by Matt Cooke.
4:08 of 2nd period - Shot Blocked by Alex Goligoski.
4:18 of 2nd period - Ryan O'Byrne is hit by Maxim Afinogenov and loses puck.
5:15 of 2nd period - Wrist shot by Eric Lindros.
5:15 of 2nd period - Stopped by Carey Price with a rebound.
5:17 of 2nd period - Snap shot by Eric Lindros.
5:17 of 2nd period - Deflect By Matt Cooke.
5:17 of 2nd period - Shot Misses the Net.
5:17 of 2nd period - Puck is out of play.
5:18 of 2nd period - Tomas Plekanec wins face-off versus Henrik Sedin in Canucks zone.
5:29 of 2nd period - Snap shot by Jaromir Jagr.
5:29 of 2nd period - Shot Misses the Net.
5:43 of 2nd period - Maxim Lapierre is hit by Viktor Stalberg and loses puck.
6:07 of 2nd period - Icing by Zdeno Chara.
6:08 of 2nd period - Tomas Plekanec wins face-off versus Matt Hendricks in Bruins zone.
6:29 of 2nd period - Snap shot by Matt Hendricks.
6:29 of 2nd period - Shot Blocked by Kyle Cumiskey.
6:31 of 2nd period - Slapshot by Zdeno Chara.
6:31 of 2nd period - Stopped by Carey Price with a rebound.
6:33 of 2nd period - Wrist shot by Curtis Glencross.
6:33 of 2nd period - Shot Misses the Net.
6:37 of 2nd period - Snap shot by Matt Hendricks.
6:37 of 2nd period - Shot Blocked by Kyle Cumiskey.
6:39 of 2nd period - Snap shot by Henrik Sedin.
6:39 of 2nd period - Shot Blocked by Kyle Cumiskey.
6:41 of 2nd period - Snap shot by Matt Hendricks.
6:41 of 2nd period - Stopped by Carey Price without a rebound.
6:42 of 2nd period - Tomas Plekanec wins face-off versus Dave Bolland in Canucks zone.
6:57 of 2nd period - Snap shot by Viktor Stalberg.
6:57 of 2nd period - Stopped by Carey Price with a rebound.
7:09 of 2nd period - Dainius Zubrus is hit by Sami Lepisto and loses puck.
7:25 of 2nd period - Icing by Dainius Zubrus.
7:26 of 2nd period - Eric Lindros wins face-off versus Matt Stajan in Bruins zone.
7:35 of 2nd period - Wrist shot by Maxim Afinogenov.
7:35 of 2nd period - Shot Blocked by Jason Demers.
7:37 of 2nd period - Wrist shot by Maxim Afinogenov.
7:37 of 2nd period - Shot Misses the Net.
9:15 of 2nd period - Snap shot by Maxim Lapierre.
9:15 of 2nd period - Shot Blocked by Nate Prosser.
9:17 of 2nd period - Snap shot by Alex Tanguay.
9:17 of 2nd period - Goal by Alex Tanguay - Canucks : 4 - Bruins : 1.
9:17 of 2nd period - Karri Ramo enters game.
9:18 of 2nd period - Henrik Sedin wins face-off versus Matt Stajan in neutral zone.
9:31 of 2nd period - Snap shot by Henrik Sedin.
9:31 of 2nd period - Stopped by Carey Price with a rebound.
9:33 of 2nd period - Wrist shot by Wojtek Wolski.
9:33 of 2nd period - Deflect By Henrik Sedin.
9:33 of 2nd period - Shot Misses the Net.
9:33 of 2nd period - Puck is out of play.
9:34 of 2nd period - Tomas Plekanec wins face-off versus Henrik Sedin in Canucks zone.
10:18 of 2nd period - Minor Penalty to Eric Lindros for Tripping.
10:19 of 2nd period - Henrik Sedin wins face-off versus Matt Stajan in Bruins zone.
10:55 of 2nd period - Snap shot by Sami Lepisto.
10:55 of 2nd period - Shot Misses the Net.
11:45 of 2nd period - Alex Goligoski is hit by Jarome Iginla and loses puck.
12:10 of 2nd period - Maxim Afinogenov is hit by Dave Bolland.
12:18 of 2nd period - Penalty to Eric Lindros is over, Eric Lindros is back on ice.
13:51 of 2nd period - Viktor Stalberg is hit by Ryane Clowe and loses puck.
18:07 of 2nd period - Snap shot by Matt Hendricks.
18:07 of 2nd period - Stopped by Carey Price with a rebound.
19:28 of 2nd period - Justin Falk is hit by Clarke MacArthur and loses puck.
19:46 of 2nd period - Icing by Alex Goligoski.
19:47 of 2nd period - Tomas Plekanec wins face-off versus Henrik Sedin in Canucks zone.
19:54 of 2nd period - Wrist shot by Henrik Sedin.
19:54 of 2nd period - Deflect By Jarome Iginla.
19:54 of 2nd period - Stopped by Carey Price without a rebound.
19:55 of 2nd period - Matt Stajan wins face-off versus Dave Bolland in Canucks zone.
Goals for this period are 1 for Canucks vs 0 for Bruins.
Shots for this period are 3 for Canucks vs 7 for Bruins.

3rd period


0:01 of 3rd period - Henrik Sedin wins face-off versus Matt Stajan in neutral zone.
0:03 of 3rd period - Jarome Iginla is hit by Clarke MacArthur.
0:25 of 3rd period - Eric Lindros is hit by Tomas Plekanec and loses puck.
0:32 of 3rd period - Slapshot by Tomas Plekanec.
0:32 of 3rd period - Shot Misses the Net.
0:38 of 3rd period - Tomas Plekanec is hit by Dainius Zubrus.
0:53 of 3rd period - Minor Penalty to Jason Demers for Tripping.
0:54 of 3rd period - Matt Stajan wins face-off versus Henrik Sedin in Bruins zone.
1:05 of 3rd period - Snap shot by Clarke MacArthur.
1:05 of 3rd period - Shot Blocked by Ryan O'Byrne.
1:07 of 3rd period - Snap shot by Clarke MacArthur.
1:07 of 3rd period - Shot Misses the Net.
1:09 of 3rd period - Slapshot by Sami Lepisto.
1:09 of 3rd period - Stopped by Karri Ramo with a rebound.
1:27 of 3rd period - Slapshot by Ben Lovejoy.
1:27 of 3rd period - Shot Blocked by Ryan O'Byrne.
1:45 of 3rd period - Eric Lindros is hit by Maxim Afinogenov and loses puck.
2:53 of 3rd period - Penalty to Jason Demers is over, Jason Demers is back on ice.
3:01 of 3rd period - David Moss is hit by Nikolai Zherdev and loses puck.
3:15 of 3rd period - Off-side.
3:16 of 3rd period - Eric Lindros wins face-off versus Matt Stajan in neutral zone.
3:54 of 3rd period - Backhand shot by Dave Bolland.
3:54 of 3rd period - Shot Misses the Net.
3:56 of 3rd period - Slapshot by Zdeno Chara.
3:56 of 3rd period - Shot Misses the Net.
4:22 of 3rd period - Alex Tanguay is hit by Matt Cooke and loses puck.
5:29 of 3rd period - Jaromir Jagr is hit by Nate Prosser and loses puck.
5:46 of 3rd period - Snap shot by Maxim Afinogenov.
5:46 of 3rd period - Shot Blocked by Eric Lindros.
5:48 of 3rd period - Slapshot by Maxim Afinogenov.
5:48 of 3rd period - Shot Misses the Net.
5:50 of 3rd period - Slapshot by Ben Lovejoy.
5:50 of 3rd period - Stopped by Karri Ramo with a rebound.
5:52 of 3rd period - Snap shot by Matthew Spiller.
5:52 of 3rd period - Stopped by Karri Ramo with a rebound.
6:06 of 3rd period - Wrist shot by Nikolai Zherdev.
6:06 of 3rd period - Shot Hit the Post.
6:08 of 3rd period - Slapshot by Alex Goligoski.
6:08 of 3rd period - Stopped by Karri Ramo without a rebound.
6:09 of 3rd period - Maxim Lapierre wins face-off versus Viktor Stalberg in Bruins zone.
6:12 of 3rd period - Wrist shot by Alex Tanguay.
6:12 of 3rd period - Stopped by Karri Ramo without a rebound.
6:13 of 3rd period - Matt Stajan wins face-off versus Dave Bolland in Bruins zone.
6:24 of 3rd period - Slapshot by Matt Stajan.
6:24 of 3rd period - Shot Misses the Net.
7:00 of 3rd period - Dainius Zubrus is hit by Ben Lovejoy and loses puck.
7:05 of 3rd period - Slapshot by Alex Goligoski.
7:05 of 3rd period - Stopped by Karri Ramo without a rebound.
7:06 of 3rd period - Tomas Plekanec wins face-off versus Eric Lindros in Bruins zone.
7:27 of 3rd period - Minor Penalty to Dainius Zubrus for Tripping.
7:28 of 3rd period - Henrik Sedin wins face-off versus Matt Stajan in Bruins zone.
7:37 of 3rd period - Snap shot by Maxim Afinogenov.
7:37 of 3rd period - Stopped by Karri Ramo with a rebound.
7:43 of 3rd period - Wrist shot by Clarke MacArthur.
7:43 of 3rd period - Stopped by Karri Ramo with a rebound.
8:01 of 3rd period - Snap shot by Sami Lepisto.
8:01 of 3rd period - Shot Blocked by Jason Demers.
8:17 of 3rd period - Snap shot by Matt Stajan.
8:17 of 3rd period - Shot Misses the Net.
9:20 of 3rd period - Henrik Sedin is hit by Clarke MacArthur and loses puck.
9:27 of 3rd period - Penalty to Dainius Zubrus is over, Dainius Zubrus is back on ice.
9:33 of 3rd period - Snap shot by Dainius Zubrus.
9:33 of 3rd period - Stopped by Carey Price without a rebound.
9:34 of 3rd period - Eric Lindros wins face-off versus Brad Richardson in Canucks zone.
10:05 of 3rd period - Snap shot by Viktor Stalberg.
10:05 of 3rd period - Goal by Viktor Stalberg - Canucks : 4 - Bruins : 2.
10:06 of 3rd period - Matt Stajan wins face-off versus Henrik Sedin in neutral zone.
10:53 of 3rd period - Off-side.
10:54 of 3rd period - Matt Hendricks wins face-off versus Maxim Lapierre in neutral zone.
10:58 of 3rd period - Minor Penalty to Nikolai Zherdev for Hooking.
10:59 of 3rd period - Henrik Sedin wins face-off versus Matt Stajan in Canucks zone.
12:33 of 3rd period - Andrew Alberts is hit by Alex Tanguay and loses puck.
12:58 of 3rd period - Penalty to Nikolai Zherdev is over, Nikolai Zherdev is back on ice.
13:12 of 3rd period - Snap shot by Ben Lovejoy.
13:12 of 3rd period - Shot Blocked by Andrew Alberts.
13:34 of 3rd period - Slapshot by Alex Goligoski.
13:34 of 3rd period - Shot Misses the Net.
13:36 of 3rd period - Slapshot by Matt Stajan.
13:36 of 3rd period - Stopped by Karri Ramo without a rebound.
13:37 of 3rd period - Matt Stajan wins face-off versus Matt Hendricks in Bruins zone.
14:02 of 3rd period - David Moss is hit by Sami Lepisto and loses puck.
14:22 of 3rd period - Icing by Tomas Plekanec.
14:23 of 3rd period - Henrik Sedin wins face-off versus Tomas Plekanec in Canucks zone.
14:26 of 3rd period - Wrist shot by Wojtek Wolski.
14:26 of 3rd period - Deflect By Henrik Sedin.
14:26 of 3rd period - Goal by Henrik Sedin - Canucks : 4 - Bruins : 3.
14:27 of 3rd period - Matt Stajan wins face-off versus Henrik Sedin in neutral zone.
14:32 of 3rd period - Henrik Sedin is hit by Clarke MacArthur and loses puck.
14:41 of 3rd period - Snap shot by Clarke MacArthur.
14:41 of 3rd period - Shot Misses the Net.
14:53 of 3rd period - Sami Lepisto is hit by Dainius Zubrus.
15:03 of 3rd period - Slapshot by Ben Lovejoy.
15:03 of 3rd period - Deflect By Tomas Plekanec.
15:03 of 3rd period - Stopped by Karri Ramo with a rebound.
15:11 of 3rd period - Minor Penalty to Ben Lovejoy for Tripping.
15:12 of 3rd period - Matt Stajan wins face-off versus Henrik Sedin in Canucks zone.
16:13 of 3rd period - Slapshot by Jaromir Jagr.
16:13 of 3rd period - Goal by Jaromir Jagr - Canucks : 5 - Bruins : 3.
16:14 of 3rd period - Henrik Sedin wins face-off versus Matt Stajan in neutral zone.
16:39 of 3rd period - Wrist shot by Dainius Zubrus.
16:39 of 3rd period - Deflect By Matt Cooke.
16:39 of 3rd period - Shot Misses the Net.
16:39 of 3rd period - Puck is out of play.
16:40 of 3rd period - Matt Stajan wins face-off versus Eric Lindros in Canucks zone.
17:11 of 3rd period - Penalty to Ben Lovejoy is over, Ben Lovejoy is back on ice.
17:24 of 3rd period - Snap shot by Matt Cooke.
17:24 of 3rd period - Stopped by Carey Price with a rebound.
17:26 of 3rd period - Slapshot by Zdeno Chara.
17:26 of 3rd period - Shot Blocked by Kyle Cumiskey.
17:34 of 3rd period - Snap shot by Eric Lindros.
17:34 of 3rd period - Stopped by Carey Price with a rebound.
17:36 of 3rd period - Snap shot by Eric Lindros.
17:36 of 3rd period - Stopped by Carey Price with a rebound.
17:38 of 3rd period - Backhand shot by Matt Cooke.
17:38 of 3rd period - Shot Blocked by Ben Lovejoy.
17:40 of 3rd period - Wrist shot by Nate Prosser.
17:40 of 3rd period - Deflect By Matt Cooke.
17:40 of 3rd period - Goal by Matt Cooke - Canucks : 5 - Bruins : 4.
17:41 of 3rd period - Maxim Lapierre wins face-off versus Dave Bolland in neutral zone.
17:44 of 3rd period - Dave Bolland is hit by Nikolai Zherdev.
17:52 of 3rd period - Wrist shot by Dave Bolland.
17:52 of 3rd period - Deflect By Viktor Stalberg.
17:52 of 3rd period - Shot Misses the Net.
17:52 of 3rd period - Puck is out of play.
17:53 of 3rd period - Viktor Stalberg wins face-off versus Maxim Lapierre in Canucks zone.
17:54 of 3rd period - Wrist shot by David Moss.
17:54 of 3rd period - Stopped by Carey Price without a rebound.
17:55 of 3rd period - Dave Bolland wins face-off versus Maxim Lapierre in Canucks zone.
17:58 of 3rd period - Wrist shot by David Moss.
17:58 of 3rd period - Stopped by Carey Price with a rebound.
18:00 of 3rd period - Snap shot by David Moss.
18:00 of 3rd period - Deflect By Dave Bolland.
18:00 of 3rd period - Shot Misses the Net.
18:00 of 3rd period - Puck is out of play.
18:01 of 3rd period - Alex Tanguay wins face-off versus Dave Bolland in Canucks zone.
18:16 of 3rd period - Snap shot by Viktor Stalberg.
18:16 of 3rd period - Deflect By Dave Bolland.
18:16 of 3rd period - Shot Blocked by Sami Lepisto.
18:16 of 3rd period - Puck is out of play.
18:17 of 3rd period - Matt Stajan wins face-off versus Matt Hendricks in Canucks zone.
18:20 of 3rd period - Slapshot by Henrik Sedin.
18:20 of 3rd period - Shot Blocked by Matthew Spiller.
18:20 of 3rd period - Matthew Spiller from Canucks is injured at 18:20 of 3rd period (Lower Body).
18:21 of 3rd period - Maxim Lapierre wins face-off versus Henrik Sedin in Canucks zone.
18:29 of 3rd period - Minor Penalty to Alex Tanguay for Roughing.
18:30 of 3rd period - Henrik Sedin wins face-off versus Matt Stajan in Canucks zone.
18:56 of 3rd period - Minor Penalty to Dainius Zubrus for Roughing.
18:57 of 3rd period - Henrik Sedin wins face-off versus Matt Stajan in Bruins zone.
19:35 of 3rd period - Bruins, Karri Ramo is pulled from the net.
19:37 of 3rd period - Slapshot by Dave Bolland.
19:37 of 3rd period - Stopped by Carey Price without a rebound.
19:38 of 3rd period - Randy Carlyle call a timeout for Bruins.
19:38 of 3rd period - Maxim Lapierre wins face-off versus Dave Bolland in Canucks zone.
19:43 of 3rd period - Slapshot by Alex Goligoski.
19:43 of 3rd period - Shot Blocked by Viktor Stalberg.
Goals for this period are 1 for Canucks vs 3 for Bruins.
Shots for this period are 11 for Canucks vs 10 for Bruins.